 Dungeon Crawl Stone Soup version 0.27-b1-23-g44b8eac545 (webtiles) character file.

Game seed: 11579816115195416885

49 Crownlay the Skirmisher (level 3, 0/33 HPs)
             Began as a Hill Orc Fighter on July 27, 2021.
             Slain by a sky beast (2 damage)
             ... on level 4 of the Dungeon.
             The game lasted 00:04:06 (1246 turns).

Crownlay the Skirmisher (Hill Orc Fighter)          Turns: 1246, Time: 00:04:08

Health: 0/33       AC:  7    Str: 18    XL:     3   Next: 75%
Magic:  3/3        EV:  7    Int:  8    God:
Gold:   75         SH:  9    Dex: 11    Spells: 2/2 levels left

rFire    . . .     SeeInvis .   a - +1 war axe
rCold    . . .     Faith    .   c - +0 kite shield
rNeg     + . .     Spirit   .   b - +0 scale mail
rPois    .         Reflect  .   (no helmet)
rElec    .         Harm     .   (no cloak)
rCorr    .         Rampage  .   (no gloves)
Will     .....                  (no boots)
Stlth    ..........             (no amulet)
HPRegen  0.11/turn              l - ring of positive energy
MPRegen  0.08/turn              (no ring)

@: no status effects
A: no striking features
a: no special abilities


You were on level 4 of the Dungeon.
You visited 1 branch of the dungeon, and saw 4 of its levels.

You collected 75 gold pieces.

Inventory:

Hand Weapons
 a - a +1 war axe (weapon)
Missiles
 j - 7 boomerangs (quivered)
Armour
 b - a +0 scale mail (worn)
 c - a +0 kite shield (worn)
Jewellery
 l - a ring of positive energy (left hand)
Scrolls
 e - 2 scrolls of blinking
 i - 2 scrolls of amnesia
Potions
 d - a potion of might
 g - a potion of curing {unknown}
 k - a potion of brilliance {unknown}


   Skills:
 * Level 4.2 Fighting
 - Level 2.6 Axes
 * Level 4.1 Armour
 * Level 3.9 Shields


You had 2 spell levels left.
You didn't know any spells.
Your spell library was empty.

Dungeon Overview and Level Annotations

Branches:
Dungeon (4/15)
 Temple: D:4-7

Altars:


Message History

You are frozen.
You slash the sky beast!
The sky beast is moderately wounded.
You hit the endoplasm but do no damage.
The sky beast hits you but does no damage.
The endoplasm hits you but does no damage.
You block the sky beast's attack.
You closely miss the sky beast.
The sky beast is moderately wounded.
You hit the endoplasm but do no damage.
The endoplasm hits you but does no damage.
The sky beast hits you. The sky beast shocks you. The endoplasm freezes you.
You are frozen.
You don't know any spells.
Sorry, you're not good enough to have a special ability.
You miss the sky beast.
The sky beast is moderately wounded.
You hit the endoplasm.
The sky beast hits you but does no damage.
The endoplasm freezes you.
You are frozen.
* * * LOW HITPOINT WARNING * * *
You block the sky beast's attack.
The endoplasm hits you but does no damage.
You slash the sky beast!
The sky beast is severely wounded.
You hit the endoplasm but do no damage. The sky beast hits you.
* * * LOW HITPOINT WARNING * * *
The sky beast shocks you.
* * * LOW HITPOINT WARNING * * *
You block the endoplasm's attack.
You hit the sky beast.
The sky beast is almost dead.
You slash the endoplasm!
You kill the endoplasm!
The sky beast flickers out of sight!
Deactivating autopickup; reactivate with Ctrl-A.
Something hits you.
You die...

... .. . #
#..# .
#.#...##.#
...#..#.#
....#.#
#....#
#.<..##...
##@.......
#{#....#.
#........
###..###.
... ...
.... ...


There were no monsters in sight!

Vanquished Creatures
  An adder (D:3)
  A dart slug (D:3)
  4 ball pythons
  6 endoplasms
  3 goblins
  4 hobgoblins
  3 jackals (D:1)
  3 quokkas (D:3)
  5 bats
  3 kobolds (D:1)
  A rat (D:1)
34 creatures vanquished.

Notes
Turn   | Place    | Note
-------+----------+-------------------------------------------
     0 | D:1      | Crownlay the Hill Orc Fighter began the quest for the Orb.
     0 | D:1      | Reached XP level 1. HP: 19/19 MP: 1/1
    87 | D:1      | Reached XP level 2. HP: 13/27 MP: 2/2
   387 | D:1      | Found a faded altar of an unknown god.
   658 | D:3      | Reached XP level 3. HP: 24/33 MP: 3/3
  1237 | D:4      | Noticed a sky beast
  1246 | D:4      | Slain by a sky beast

Illustrated notes

Levels and vault maps discovered:
D:1:      lightli_arrival_quake, layout_rooms,
          ebering_ecumenical_altar_petrified, interstate_on_off,
          chequers_serial_rivers_small_3
D:2:      layout_loops_ring
D:3:      layout_rooms
D:4:      layout_rooms, kennysheep_mini, uniq_robin, uniq_sigmund

Skill      XL: |  1  2  3 |
---------------+----------+-----
Fighting       | 4 |  4.2
Armour         | 4 |  4.1
Axes           | |  2.6
Shields        | |  3.9

Action                   || total
-------------------------++-------
Melee: War axe           ||    98
Throw: Boomerang         ||     2
  Use: Scroll            ||     6
Armor: Scale mail        ||    71
Dodge: Dodged            ||    44
Block: Kite shield       ||    64
